AoeStats
← m_paruch

Arena

509766893Analyzed
1v1 RM · 3d ago on Sep 27, 2026· 34m 25s· 2 players
Game mode
Random Map
Map size
Tiny (2 player)
Population
200
Speed
Normal
Resources
Standard
Victory
Conquest
Starting age
Dark Age
Ending age
Imperial Age
RankedLock teamsTeams togetherTeam positionsShared explorationLock speedFull tech treeHidden civsTurbo modeCheats
Victory
Defeat
🇺🇸 Poles · United States
344
+17
🇺🇸 Teutons · United States
376
-17
17tkohls
1:29 Loom
11:09 Feudal Age
12:32 Wheelbarrow
11:59 Double-Bit Axe
13:16 Man-at-Arms
17:16 Horse Collar
17:38 Gold Mining
22:03 Castle Age
20:24 Scale Mail Armor
20:34 Forging
22:18 Long Swordsman
22:45 Arson
22:24 Pikeman
24:10 Fletching
25:20 Chain Mail Armor
25:07 Padded Archer Armor
26:19 Squires
27:53 Stone Mining
29:41 Hand Cart
30:45 Thumb Ring
31:21 Szlachta Privileges
32:49 Iron Casting
32:33 Leather Archer Armor
32:02 Elite Skirmisher
33:12 Bodkin Arrow
m_paruch
7:49 Loom
10:06 Feudal Age
10:30 Horse Collar
10:38 Double-Bit Axe
11:47 Wheelbarrow
15:45 Man-at-Arms
16:22 Gold Mining
18:06 Stone Mining
18:07 Town Watch
22:51 Castle Age
22:07 Forging
21:58 Scale Mail Armor
21:58 Padded Archer Armor
21:48 Fletching
24:00 Hand Cart
23:47 Heavy Plow
23:59 Bow Saw
25:36 Town Patrol
26:10 Long Swordsman
26:11 Pikeman
26:15 Elite Skirmisher
28:11 Stone Shaft Mining
33:34 Bodkin Arrow
34:15 Iron Casting
34:21 Iron Casting
Connection lost

Rejoining the realm…

Still unreachable

The connection could not be restored.

Session expired

The server has moved on; the page needs a fresh start.